AoeStats
← Pirry

Arabia

508025626Analyzed
1v1 RM · 13d ago on Sep 20, 2026· 52m 26s· 2 players
Game mode
Random Map
Map size
Tiny (2 player)
Population
200
Speed
Normal
Resources
Standard
Victory
Conquest
Starting age
Dark Age
Ending age
Imperial Age
RankedLock teamsTeams togetherTeam positionsShared explorationLock speedFull tech treeHidden civsTurbo modeCheats
Victory
Defeat
🇨🇴 Vietnamese · Colombia
339
+17
🇵🇪 Japanese · Peru
361
-17
Pirry
12:28 Feudal Age
13:26 Double-Bit Axe
14:03 Horse Collar
15:05 Wheelbarrow
18:30 Gold Mining
18:31 Stone Mining
20:47 Town Watch
26:42 Castle Age
26:06 Bloodlines
26:10 Forging
25:57 Fletching
27:55 Thumb Ring
27:10 Crossbowman
27:11 Elite Skirmisher
29:31 Husbandry
31:21 Murder Holes
31:48 Ballistics
32:30 Forging
32:26 Scale Barding Armor
32:23 Padded Archer Armor
34:17 Squires
33:39 Man-at-Arms
33:39 Pikeman
35:04 Loom
36:24 Treadmill Crane
37:02 Bodkin Arrow
37:23 Leather Archer Armor
37:25 Bow Saw
39:12 Hand Cart
44:20 Imperial Age
41:53 Town Patrol
46:29 Chemistry
45:43 Siege Engineers
48:07 Cavalier
49:42 Heavy Cavalry Archer
51:43 Bracer
52:13 Ring Archer Armor
52:19 Iron Casting
52:06 Chain Barding Armor
vxd81097
12:05 Feudal Age
11:11 Loom
16:04 Wheelbarrow
15:45 Double-Bit Axe
19:16 Arson
28:10 Castle Age
26:30 Bloodlines
29:22 Forging
29:22 Scale Barding Armor
29:19 Scale Mail Armor
29:57 Squires
29:20 Pikeman
33:52 Hand Cart
35:14 Bow Saw
35:28 Town Watch
36:20 Chain Barding Armor
35:29 Light Cavalry
37:47 Town Patrol
40:06 Yasama
41:32 Chain Mail Armor
41:53 Iron Casting
52:55 Imperial Age
Connection lost

Rejoining the realm…

Still unreachable

The connection could not be restored.

Session expired

The server has moved on; the page needs a fresh start.